NCAA
OKLAHOMA STATE COWBOYS @ VILLANOVA WILDCATS
04/25/2023
 
TOP OF THE 1ST
Oklahoma State Cowboys batting - Pitching for Villanova Wildcats : LHP Glenn Fox
Pitching: LHP Glenn Fox
Batting: RHB Mike Johnson 0-0: Ball
1-0: Ball
2-0: Ball
3-0: Base on Balls
Batting: RHB Mark Hart 0-0: Ball
1-0: Called Strike
1-1: Foul Ball, location: 2F
1-2: Strikes out swinging
Batting: RHB Roberto García 0-0: Called Strike
0-1: Ball
1-1: Ball
2-1: Ball
3-1: Reached on Error, E9 (Flyball, 89M)
Mike Johnson to second
Batting: RHB Jack Hollon 0-0: Ball
Mike Johnson steals 3rd base
Roberto García to second
1-0: Ball
2-0: Swinging Strike
2-1: Ball
3-1: Ground out 6-3 (Groundball, 6)
Mike Johnson scores
Batting: LHB Kent Fremantle 0-0: Ball
1-0: Ground out 5-3 (Groundball, 56S)
Top of the 1st over - 1 run(s), 0 hit(s), 1 error(s), 1 left on base; Oklahoma State 1 - Villanova 0
BOTTOM OF THE 1ST
Villanova Wildcats batting - Pitching for Oklahoma State Cowboys : RHP Bret McJannett
Pitching: RHP Bret McJannett
Batting: RHB Tomás Carranza 0-0: Called Strike
0-1: Ground out 5-3 (Groundball, 5)
Batting: RHB Gunner Allen 0-0: Ball
1-0: Foul Ball, location: 2F
1-1: Swinging Strike
1-2: Strikes out swinging
Batting: RHB Ben Hall 0-0: Ball
1-0: Swinging Strike
1-1: Ball
2-1: Ground out 1-3 (Groundball, 25)
Bottom of the 1st over - 0 run(s), 0 hit(s), 0 error(s), 0 left on base; Oklahoma State 1 - Villanova 0
TOP OF THE 2ND
Oklahoma State Cowboys batting - Pitching for Villanova Wildcats : LHP Glenn Fox
Batting: RHB Mark McCullough 0-0: Called Strike
0-1: Called Strike
0-2: Strikes out looking
Batting: LHB Wayne Pugh 0-0: Swinging Strike
0-1: Ball
1-1: Ball
2-1: Ball
3-1: Base on Balls
Batting: RHB Earnest Maldonado 0-0: Foul Ball, location: 2F
0-1: Ball
1-1: Ball
2-1: Fly out, F9 (Flyball, 9M)
Batting: SHB Von Smith 0-0: Called Strike
0-1: Ball
1-1: Ball
2-1: Ball
3-1: Base on Balls
Wayne Pugh to second
Batting: RHB Mike Johnson 0-0: Called Strike
0-1: Ball
1-1: Called Strike
1-2: Strikes out looking
Top of the 2nd over - 0 run(s), 0 hit(s), 0 error(s), 2 left on base; Oklahoma State 1 - Villanova 0
BOTTOM OF THE 2ND
Villanova Wildcats batting - Pitching for Oklahoma State Cowboys : RHP Bret McJannett
Batting: RHB Leonardo Williams 0-0: Ground out 5-3 (Groundball, 6S)
Batting: RHB Keith Walker 0-0: Called Strike
0-1: Ball
1-1: Foul Ball, location: 2F
1-2: Strikes out swinging
Batting: LHB Al Bartlett 0-0: Ball
1-0: Ground out 5-3 (Groundball, 15S)
Bottom of the 2nd over - 0 run(s), 0 hit(s), 0 error(s), 0 left on base; Oklahoma State 1 - Villanova 0
TOP OF THE 3RD
Oklahoma State Cowboys batting - Pitching for Villanova Wildcats : LHP Glenn Fox
Batting: RHB Mark Hart 0-0: Called Strike
0-1: Swinging Strike
0-2: Strikes out swinging
Batting: RHB Roberto García 0-0: Called Strike
0-1: Ball
1-1: Called Strike
1-2: Foul Ball, location: 2F
1-2: Strikes out swinging
Batting: RHB Jack Hollon 0-0: Called Strike
0-1: Swinging Strike
0-2: Strikes out swinging
Top of the 3rd over - 0 run(s), 0 hit(s), 0 error(s), 0 left on base; Oklahoma State 1 - Villanova 0
BOTTOM OF THE 3RD
Villanova Wildcats batting - Pitching for Oklahoma State Cowboys : RHP Bret McJannett
Batting: RHB Ken Craft 0-0: Swinging Strike
0-1: Ball
1-1: Ball
2-1: Ball
3-1: Called Strike
3-2: Foul Ball, location: 2F
3-2: Strikes out swinging
Batting: SHB Harry Goff 0-0: Ball
1-0: Ball
2-0: Bunted foul
2-1: Fly out, F3 (Popup, 34S)
Batting: RHB Mark Hess 0-0: Swinging Strike
0-1: Foul Ball, location: 2F
0-2: Ground out 6-3 (Groundball, 6)
Bottom of the 3rd over - 0 run(s), 0 hit(s), 0 error(s), 0 left on base; Oklahoma State 1 - Villanova 0
TOP OF THE 4TH
Oklahoma State Cowboys batting - Pitching for Villanova Wildcats : LHP Glenn Fox
Batting: LHB Kent Fremantle 0-0: Called Strike
0-1: Swinging Strike
0-2: Ball
1-2: Ground out 1-3 (Groundball, 13S)
Batting: RHB Mark McCullough 0-0: Ball
1-0: Ball
2-0: SINGLE (Line Drive, 4MD)
Batting: LHB Wayne Pugh 0-0: Ball
1-0: Ball
2-0: Ball
3-0: Called Strike
3-1: Ground out 4-3 (Groundball, 13)
Mark McCullough to second
Batting: RHB Earnest Maldonado 0-0: Ball
1-0: Swinging Strike
1-1: Foul Ball, location: 2F
1-2: Ball
2-2: Ball
3-2: Foul Ball, location: 2F
3-2: Ground out 6-3 (Groundball, 6)
Top of the 4th over - 0 run(s), 1 hit(s), 0 error(s), 1 left on base; Oklahoma State 1 - Villanova 0
BOTTOM OF THE 4TH
Villanova Wildcats batting - Pitching for Oklahoma State Cowboys : RHP Bret McJannett
Batting: RHB Tomás Carranza 0-0: Ball
1-0: Called Strike
1-1: Ball
2-1: Called Strike
2-2: Ball
3-2: Base on Balls
Batting: RHB Gunner Allen 0-0: Called Strike
Tomás Carranza is caught stealing 2nd base
0-1: Foul Ball, location: 2F
0-2: Fly out, F7 (Flyball, 7LM)
Batting: RHB Ben Hall 0-0: Called Strike
0-1: Swinging Strike
0-2: Ball
1-2: Foul Ball, location: 2F
1-2: Strikes out swinging
Bottom of the 4th over - 0 run(s), 0 hit(s), 0 error(s), 0 left on base; Oklahoma State 1 - Villanova 0
TOP OF THE 5TH
Oklahoma State Cowboys batting - Pitching for Villanova Wildcats : LHP Glenn Fox
Batting: SHB Von Smith 0-0: Called Strike
0-1: Swinging Strike
0-2: Ball
1-2: Ball
2-2: Foul Ball, location: 2F
2-2: Fly out, F9 (Popup, 4D)
Batting: RHB Mike Johnson 0-0: SINGLE (Groundball, 4M) (infield hit)
Pitching: RHP Bob Cotton
Batting: RHB Mark Hart 0-0: Called Strike
0-1: Ball
1-1: Ball
2-1: Foul Ball, location: 2F
2-2: Fly out, F8 (Flyball, 8RM)
Batting: RHB Roberto García 0-0: Ball
1-0: Foul Ball, location: 2F
1-1: Foul Ball, location: 2F
1-2: Strikes out swinging
Top of the 5th over - 0 run(s), 1 hit(s), 0 error(s), 1 left on base; Oklahoma State 1 - Villanova 0
BOTTOM OF THE 5TH
Villanova Wildcats batting - Pitching for Oklahoma State Cowboys : RHP Bret McJannett
Batting: RHB Leonardo Williams 0-0: Fly out, F9 (Flyball, 9M)
Batting: RHB Keith Walker 0-0: Ball
1-0: Called Strike
1-1: Foul Ball, location: 2F
1-2: Strikes out swinging
Batting: LHB Al Bartlett 0-0: Ball
1-0: Ball
2-0: Ball
3-0: Base on Balls
Batting: RHB Ken Craft Pickoff Throw to First - Error! E1
Al Bartlett to second
0-0: Called Strike
0-1: Called Strike
0-2: Ball
1-2: Ball
2-2: Strikes out swinging
Bottom of the 5th over - 0 run(s), 0 hit(s), 1 error(s), 1 left on base; Oklahoma State 1 - Villanova 0
TOP OF THE 6TH
Oklahoma State Cowboys batting - Pitching for Villanova Wildcats : RHP Bob Cotton
Batting: RHB Jack Hollon 0-0: Called Strike
0-1: SOLO HOME RUN (Flyball, 7D), Distance : 378 ft
Batting: LHB Kent Fremantle 0-0: Called Strike
0-1: SINGLE (Flyball, 7LM)
Batting: RHB Mark McCullough 0-0: Ball
1-0: Foul Ball, location: 2F
1-1: Ball
2-1: Ball
3-1: Base on Balls
Kent Fremantle to second
Batting: LHB Wayne Pugh 0-0: Called Strike
0-1: SINGLE (Line Drive, 4MD)
Kent Fremantle to third
Mark McCullough to second
Batting: RHB Earnest Maldonado 0-0: Called Strike
0-1: Ball
1-1: Grounds into fielders choice 4-2 (Groundball, 13)
Mark McCullough to third
Wayne Pugh to second
Batting: SHB Von Smith 0-0: SINGLE (Line Drive, 89S)
Mark McCullough scores
Wayne Pugh to third
Earnest Maldonado to second
Runner from 3rd tries for Home, SAFE, throw made home
Earnest Maldonado to third
Von Smith to second
Batting: RHB Mike Johnson 0-0: Ball
1-0: Ball
2-0: Ball
3-0: Called Strike
3-1: Called Strike
3-2: Base on Balls
Batting: RHB Mark Hart 0-0: Called Strike
0-1: Ball
1-1: Ball
2-1: Fly out, F9 (Flyball, 9LMF)
Runner from 3rd tags up, SCORES, throw made
Pitching: RHP Miguel Guevara
Batting: RHB Roberto García 0-0: Swinging Strike
0-1: Ball
1-1: Ball
2-1: Ball
3-1: 3-RUN HOME RUN (Flyball, 7LD), Distance : 329 ft
Batting: RHB Jack Hollon 0-0: Called Strike
0-1: Foul Ball, location: 2F
0-2: Foul Ball, location: 2F
0-2: Strikes out looking
Top of the 6th over - 7 run(s), 5 hit(s), 0 error(s), 0 left on base; Oklahoma State 8 - Villanova 0
BOTTOM OF THE 6TH
Villanova Wildcats batting - Pitching for Oklahoma State Cowboys : RHP Bret McJannett
Batting: SHB Harry Goff 0-0: Foul Ball, location: 2F
0-1: Called Strike
0-2: Foul Ball, location: 2F
0-2: Strikes out swinging
Batting: RHB Mark Hess 0-0: Ball
1-0: Ball
2-0: Ball
3-0: Base on Balls
Batting: RHB Tomás Carranza 0-0: Ball
1-0: Ball
2-0: SINGLE (Groundball, 34)
Mark Hess to second
Runner from 2nd tries for 3rd, SAFE, no throw or cutoff
Batting: RHB Gunner Allen 0-0: Swinging Strike
0-1: Fielders Choice at 2nd, U6 (Groundball, 6M)
Mark Hess scores
Batting: RHB Ben Hall 0-0: Called Strike
0-1: Called Strike
0-2: Foul Ball, location: 2F
0-2: Ball
1-2: Ball
2-2: Foul Ball, location: 2F
2-2: Ball
3-2: SINGLE (Groundball, 34)
Gunner Allen to second
Gunner Allen to third
Pitching: RHP Dan Johnson
Batting: RHB Leonardo Williams 0-0: Fielders Choice at 2nd, U6 (Groundball, 6M)
Bottom of the 6th over - 1 run(s), 2 hit(s), 0 error(s), 2 left on base; Oklahoma State 8 - Villanova 1
TOP OF THE 7TH
Oklahoma State Cowboys batting - Pitching for Villanova Wildcats : RHP Miguel Guevara
Batting: LHB Kent Fremantle 0-0: Called Strike
0-1: Ball
1-1: Called Strike
1-2: Strikes out swinging
Batting: RHB Mark McCullough 0-0: Foul Ball, location: 2F
0-1: Fly out, F9 (Flyball, 9M)
Batting: LHB Wayne Pugh 0-0: Swinging Strike
0-1: Swinging Strike
0-2: Ball
1-2: Ball
2-2: Foul Ball, location: 2F
2-2: SINGLE (Groundball, 34D) (infield hit)
Batting: RHB Earnest Maldonado 0-0: Ball
1-0: Ball
2-0: Foul Ball, location: 2F
2-1: Called Strike
2-2: Strikes out looking
Top of the 7th over - 0 run(s), 1 hit(s), 0 error(s), 1 left on base; Oklahoma State 8 - Villanova 1
BOTTOM OF THE 7TH
Villanova Wildcats batting - Pitching for Oklahoma State Cowboys : RHP Dan Johnson
Batting: RHB Keith Walker 0-0: Swinging Strike
0-1: Foul Ball, location: 2F
0-2: Ball
1-2: Ball
2-2: Strikes out swinging
Batting: LHB Al Bartlett 0-0: Called Strike
0-1: Foul Ball, location: 2F
0-2: Fly out, F8 (Popup, 8LS)
Batting: RHB Ken Craft 0-0: Ground out 6-3 (Groundball, 6)
Bottom of the 7th over - 0 run(s), 0 hit(s), 0 error(s), 0 left on base; Oklahoma State 8 - Villanova 1
TOP OF THE 8TH
Oklahoma State Cowboys batting - Pitching for Villanova Wildcats : RHP Miguel Guevara
Batting: SHB Von Smith 0-0: Ball
1-0: Ball
2-0: Ball
3-0: Base on Balls
Batting: RHB Mike Johnson 0-0: Sac Bunt - play at first, batter OUT! 5-4
Von Smith to second
Batting: RHB Mark Hart 0-0: Ground out 6-3 (Groundball, 6)
Batting: RHB Roberto García 0-0: Ball
1-0: Foul Ball, location: 2F
1-1: Ball
2-1: Foul Ball, location: 2F
2-2: Strikes out swinging
Top of the 8th over - 0 run(s), 0 hit(s), 0 error(s), 1 left on base; Oklahoma State 8 - Villanova 1
BOTTOM OF THE 8TH
Villanova Wildcats batting - Pitching for Oklahoma State Cowboys : RHP Dan Johnson
Batting: SHB Harry Goff 0-0: Called Strike
0-1: Swinging Strike
0-2: Foul Ball, location: 2F
0-2: Foul Ball, location: 2F
0-2: Strikes out swinging
Batting: RHB Mark Hess 0-0: Ball
1-0: Foul Ball, location: 2F
1-1: Ball
2-1: Reached on error, E6 (Groundball, 6)
Batting: RHB Tomás Carranza 0-0: Called Strike
0-1: Foul Ball, location: 2F
0-2: Ball
1-2: Fly out, F4 (Popup, 34D)
Batting: RHB Gunner Allen 0-0: Called Strike
0-1: Ball
1-1: Called Strike
1-2: Foul Ball, location: 2F
1-2: Ball
2-2: Ball
Wild Pitch!
Mark Hess to second
3-2: Base on Balls
Batting: RHB Ben Hall 0-0: Called Strike
0-1: Swinging Strike
0-2: Strikes out looking
Bottom of the 8th over - 0 run(s), 0 hit(s), 1 error(s), 2 left on base; Oklahoma State 8 - Villanova 1
TOP OF THE 9TH
Oklahoma State Cowboys batting - Pitching for Villanova Wildcats : RHP Miguel Guevara
Batting: RHB Jack Hollon 0-0: Ball
1-0: Called Strike
1-1: Called Strike
1-2: Foul Ball, location: 2F
1-2: SINGLE (Flyball, 7S) - OUT at second base trying to stretch hit.
Batting: LHB Kent Fremantle 0-0: Called Strike
0-1: Ball
1-1: Foul Ball, location: 2F
1-2: Foul Ball, location: 2F
1-2: Ground out 4-3 (Groundball, 4)
Batting: RHB Mark McCullough 0-0: Foul Ball, location: 2F
0-1: Fly out, F8 (Flyball, 8LM)
Top of the 9th over - 0 run(s), 1 hit(s), 0 error(s), 0 left on base; Oklahoma State 8 - Villanova 1
BOTTOM OF THE 9TH
Villanova Wildcats batting - Pitching for Oklahoma State Cowboys : RHP Dan Johnson
Batting: RHB Leonardo Williams 0-0: Ground out 5-3 (Groundball, 5)
Batting: RHB Keith Walker 0-0: Ground out 5-3 (Groundball, 5S)
Batting: LHB Al Bartlett 0-0: Called Strike
0-1: Ball
1-1: Ball
2-1: SOLO HOME RUN (Line Drive, 89XD), Distance : 374 ft
Batting: RHB Ken Craft 0-0: Ball
1-0: Fly out, F6 (Popup, 6M)
Bottom of the 9th over - 1 run(s), 1 hit(s), 0 error(s), 0 left on base; Oklahoma State 8 - Villanova 2
This league is powered by Out of the Park Baseball, the baseball management simulation game for PC, Mac and Linux
Wednesday, December 2nd, 2015 - OOTP Baseball 16.8 Build 38